 Dungeon Crawl Stone Soup version 0.25.1-2-g60ff931df9 (webtiles) character file.

Game seed: 15305536126571175812

2660 DungeonDestroyer the Shield-Bearer (level 9, -8/74 HPs)
             Began as a Gnoll Fighter on Oct 17, 2020.
             Was an Initiate of Cheibriados.
             Mangled by Harold
             ... wielding a +0 long sword
              (15 damage)
             ... on level 7 of the Dungeon.
             The game lasted 00:13:09 (6832 turns).

DungeonDestroyer the Shield-Bearer (Gnoll Fighter)  Turns: 6832, Time: 00:13:09

Health: -8/74      AC: 10    Str: 21    XL:     9   Next: 63%
Magic:  15/15      EV:  9    Int: 13    God:    Cheibriados [......]
Gold:   184        SH: 11    Dex: 16    Spells: 16/16 levels left

rFire    . . .     SeeInvis .   a - +1 war axe
rCold    . . .     Gourm    .   c - +0 kite shield
rNeg     + . .     Faith    .   k - +0 chain mail
rPois    .         Spirit   .   (no helmet)
rElec    .         Reflect  .   (no cloak)
rCorr    .         Harm     .   (no gloves)
MR       .....                  (no boots)
Stlth    ..........             v - amulet of the acrobat
HPRegen  0.22/turn              t - ring of positive energy
MPRegen  0.14/turn              u - ring of flight

@: marked, very slow
A: distributed training, fangs 1, strong nose
a: Bend Time, Renounce Religion, Evoke Flight


You were on level 7 of the Dungeon.
You worshipped Cheibriados.
Cheibriados was noncommittal.
You were hungry.

You visited 2 branches of the dungeon, and saw 8 of its levels.

You collected 376 gold pieces.
You spent 192 gold pieces at shops.

Inventory:

Hand Weapons
 a - a +1 war axe (weapon)
 w - a +0 flail
Missiles
 g - 174 stones (quivered)
 h - 135 arrows
 r - 14 poisoned darts
 s - 46 bolts
Armour
 c - a +0 kite shield (worn)
 k - a +0 chain mail (worn)
Jewellery
 t - a ring of positive energy (left hand)
 u - a ring of flight (right hand)
 v - an amulet of the acrobat (around neck)
Wands
 q - a wand of iceblast (8)
 z - a wand of clouds (5)
Scrolls
 b - a scroll of immolation
 e - 10 scrolls of identify
 m - 5 scrolls of teleportation
 n - 7 scrolls of remove curse
 o - a scroll of enchant weapon
 y - 3 scrolls of fog {unknown}
 A - a scroll of enchant armour {unknown}
 B - a scroll of blinking
Potions
 d - 3 potions of might
 i - a potion of haste {unknown}
 j - 3 potions of curing
 l - 2 potions of heal wounds
 p - 2 potions of brilliance
 x - a potion of ambrosia
 C - a potion of stabbing
Comestibles
 f - 17 rations
 D - 11 chunks of flesh


   Skills:
 + Level 7.9 Fighting
 + Level 4.3 Short Blades
 + Level 4.3 Long Blades
 + Level 6.4 Axes
 + Level 4.3 Maces & Flails
 + Level 4.3 Polearms
 + Level 4.3 Staves
 + Level 4.3 Slings
 + Level 4.3 Bows
 + Level 4.3 Crossbows
 + Level 4.3 Throwing
 + Level 7.9 Armour
 + Level 4.3 Dodging
 + Level 4.3 Stealth
 + Level 7.9 Shields
 + Level 4.3 Unarmed Combat
 + Level 4.3 Spellcasting
 + Level 3.6 Conjurations
 + Level 3.6 Hexes
 + Level 3.6 Charms
 + Level 3.6 Summonings
 + Level 3.6 Necromancy
 + Level 3.6 Translocations
 + Level 3.6 Transmutations
 + Level 3.6 Fire Magic
 + Level 3.6 Ice Magic
 + Level 3.6 Air Magic
 + Level 3.6 Earth Magic
 + Level 3.6 Poison Magic
 + Level 4.8 Invocations
 + Level 4.3 Evocations


You had 16 spell levels left.
You didn't know any spells.
Your spell library contained the following spells:

 Spells                   Type           Power        Failure   Level  Hunger
 Animate Skeleton         Necr           N/A          63%         1    None
 Magic Dart               Conj           ##..         63%         1    None
 Pain                     Necr           ##..         63%         1    None
 Summon Small Mammal      Summ           ##..         63%         1    None
 Blink                    Tloc           N/A          77%         2    ##.....
 Call Imp                 Summ           ##......     77%         2    ##.....
 Slow                     Hex            ##......     77%         2    ##.....
 Call Canine Familiar     Summ           ##......     94%         3    ###....
 Conjure Flame            Conj/Fire      ##......     94%         3    ###....
 Mephitic Cloud           Conj/Pois/Air  ##......     94%         3    ###....
 Summon Guardian Golem    Hex/Summ       ##......     94%         3    ###....
 Vampiric Draining        Necr           ##........   94%         3    ###....
 Animate Dead             Necr           N/A          100%        4    ####...
 Summon Ice Beast         Ice/Summ       ##......     100%        4    ####...
 Summon Lightning Spire   Summ/Air       ##......     100%        4    ####...
 Agony                    Necr           ##......     100%        5    ######.


Dungeon Overview and Level Annotations

Branches:
Dungeon (7/15)             Temple (1/1) D:6

Altars:
Ashenzari
Cheibriados
Dithmenos
Elyvilon
Fedhas
Gozag
Hepliaklqana
Kikubaaqudgha
Nemelex Xobeh
Okawaru
Qazlal
Ru
Sif Muna
Trog
Uskayaw
Vehumet
Wu Jian
Xom
Yredelemnul
Zin
The Shining One

Shops:
D:5 *

Annotations:
D:6 Prince Ribbit
D:7 Harold


Innate Abilities, Weirdness & Mutations

Your experience applies equally to all skills.
You have very sharp teeth.
Your uncanny sense of smell can sniff out nearby items.


Message History

Harold is heavily wounded.
Harold barely misses you.
You slash Harold! You bite Harold.
Harold is severely wounded.
You block Harold's attack.
You barely miss Harold. You bite Harold.
Harold is severely wounded.
Harold gestures at you while chanting. The mark upon you grows brighter.
You block Harold's attack.
You slash Harold!
Harold is severely wounded.
Harold hits you with a +0 long sword!
* * * LOW HITPOINT WARNING * * *
You hit Harold but do no damage. You bite Harold, but do no damage.
Harold is severely wounded.
Harold barely misses you.
You hit Harold.
Harold is almost dead.
Harold hits you with a +0 long sword!
You die...

#.......#...#
#......)....#
#......)#[..####
#.......#.......
###'#....######..
#.#.........#
#.#..#.###.##
#.#.##.# #@#.##.#
#@#....# #.######
#.# #.# ∆ #.# #..
###


You could see Harold.

Vanquished Creatures
  Pikel (D:5)
  A spriggan (D:7)
  Eustachio (D:4)
  Duvessa (D:7)
  A slave (D:5)
  4 sky beasts
  A phantom (D:7)
  An ogre (D:4)
  A centaur (D:5)
  3 bullfrogs
  Dowan (D:7)
  4 scorpions
  2 crimson imps
  2 hounds
  2 jellies
  An orc priest (D:7)
  A bullfrog skeleton (D:6)
  8 orc wizards
  3 worker ants (D:4)
  A howler monkey skeleton (D:5)
  8 adders
  An ooze (D:2)
  3 worms
  4 dart slugs
  5 leopard geckos
  18 orcs
  7 bats
  8 giant cockroaches
  11 goblins
  7 hobgoblins
  14 jackals
  5 kobolds
  3 quokkas
  2 ball pythons
  6 frilled lizards
  2 giant cockroach zombies
  A leopard gecko skeleton (D:5)
  9 rats
  A spectral orc (D:6)
155 creatures vanquished.

Notes
Turn   | Place    | Note
-------+----------+-------------------------------------------
     0 | D:1      | DungeonDestroyer the Gnoll Fighter began the quest for the
                  | Orb.
     0 | D:1      | Reached XP level 1. HP: 23/23 MP: 1/1
    89 | D:1      | Reached XP level 2. HP: 29/29 MP: 2/2
   516 | D:1      | Reached XP level 3. HP: 35/35 MP: 3/3
  1023 | D:2      | Reached skill level 1 in Invocations
  1061 | D:2      | Reached skill level 1 in Short Blades
  1061 | D:2      | Reached skill level 1 in Long Blades
  1061 | D:2      | Reached skill level 1 in Maces & Flails
  1061 | D:2      | Reached skill level 1 in Polearms
  1061 | D:2      | Reached skill level 1 in Staves
  1061 | D:2      | Reached skill level 1 in Slings
  1061 | D:2      | Reached skill level 1 in Bows
  1061 | D:2      | Reached skill level 1 in Crossbows
  1061 | D:2      | Reached skill level 1 in Throwing
  1061 | D:2      | Reached skill level 1 in Dodging
  1061 | D:2      | Reached skill level 1 in Stealth
  1061 | D:2      | Reached skill level 1 in Unarmed Combat
  1061 | D:2      | Reached skill level 1 in Spellcasting
  1061 | D:2      | Reached skill level 1 in Evocations
  1069 | D:2      | Reached XP level 4. HP: 38/41 MP: 5/5
  1318 | D:2      | Reached skill level 1 in Conjurations
  1318 | D:2      | Reached skill level 1 in Hexes
  1318 | D:2      | Reached skill level 1 in Charms
  1318 | D:2      | Reached skill level 1 in Summonings
  1318 | D:2      | Reached skill level 1 in Necromancy
  1318 | D:2      | Reached skill level 1 in Translocations
  1318 | D:2      | Reached skill level 1 in Transmutations
  1318 | D:2      | Reached skill level 1 in Fire Magic
  1318 | D:2      | Reached skill level 1 in Ice Magic
  1318 | D:2      | Reached skill level 1 in Air Magic
  1318 | D:2      | Reached skill level 1 in Earth Magic
  1318 | D:2      | Reached skill level 1 in Poison Magic
  1428 | D:2      | Reached XP level 5. HP: 47/47 MP: 6/6
  1527 | D:2      | Found a blossoming altar of Fedhas.
  2735 | D:4      | Noticed an ogre
  2740 | D:4      | Killed an ogre
  2740 | D:4      | Reached XP level 6. HP: 40/53 MP: 8/8
  2890 | D:4      | Reached skill level 5 in Axes
  3048 | D:4      | Noticed Eustachio
  3085 | D:4      | Killed Eustachio
  3085 | D:4      | Reached XP level 7. HP: 37/60 MP: 10/10
  3620 | D:5      | Entered Level 5 of the Dungeon
  3976 | D:5      | Found a shimmering blue altar of Sif Muna.
  3988 | D:5      | Found a hide-covered altar of Uskayaw.
  4068 | D:5      | Found Vetegob's General Store.
  4074 | D:5      | Bought a scroll of remove curse for 36 gold pieces
  4074 | D:5      | Bought a scroll of identify for 24 gold pieces
  4074 | D:5      | Bought a potion of might for 48 gold pieces
  4074 | D:5      | Bought a ration for 60 gold pieces
  4074 | D:5      | Bought a scroll of identify for 24 gold pieces
  4190 | D:5      | Noticed Pikel
  4258 | D:5      | Killed Pikel
  4258 | D:5      | Reached XP level 8. HP: 23/67 MP: 12/12
  5291 | D:6      | Reached XP level 9. HP: 70/72 MP: 14/14
  5512 | D:6      | Found a staircase to the Ecumenical Temple.
  5532 | Temple   | Entered the Ecumenical Temple
  5784 | Temple   | Became a worshipper of Cheibriados the Contemplative
  5911 | D:6      | Noticed Prince Ribbit
  6113 | D:6      | Found a basalt altar of Yredelemnul.
  6213 | D:7      | Noticed Duvessa
  6213 | D:7      | Noticed Dowan
  6222 | D:7      | Killed Duvessa
  6235 | D:7      | Killed Dowan
  6525 | D:7      | Found a shadowy altar of Dithmenos.
  6815 | D:7      | Noticed Harold
  6832 | D:7      | Mangled by Harold

Illustrated notes

Levels and vault maps discovered:
D:1:      matt_arrival_grand_opening, layout_basic
D:2:      layout_rooms, fedhas_altar_fruit_tree, first_ration, minmay_vboxes
D:3:      layout_basic
D:4:      layout_basic, uniq_eustachio
D:5:      layout_basic, chequers_temple_overflow_statue_of_worship,
          serial_shops, shop_fountains, dk_rats_in_the_wall, uniq_pikel
D:6:      layout_rooms, yredelemnul_forgotten_temple_becter,
          minmay_temple_entry_hall, uniq_prince_ribbit1
D:7:      layout_basic, grunt_dithmenos_shadows, the_bakery,
          minmay_misc_feat_room, uniq_harold, uniq_duvessa
Temple:   nicolae_temple_elliptical

Skill      XL: |  1  2  3  4  5  6  7  8  9 |
---------------+----------------------------+-----
Invocations    | 1 2 3 4 |  4.8
Short Blades   | 1 2 3 4 |  4.3
Long Blades    | 1 2 3 4 |  4.3
Maces & Flails | 1 2 3 4 |  4.3
Polearms       | 1 2 3 4 |  4.3
Staves         | 1 2 3 4 |  4.3
Slings         | 1 2 3 4 |  4.3
Bows           | 1 2 3 4 |  4.3
Crossbows      | 1 2 3 4 |  4.3
Throwing       | 1 2 3 4 |  4.3
Dodging        | 1 2 3 4 |  4.3
Stealth        | 1 2 3 4 |  4.3
Unarmed Combat | 1 2 3 4 |  4.3
Spellcasting   | 1 2 3 4 |  4.3
Evocations     | 1 2 3 4 |  4.3
Conjurations   | 1 2 3 |  3.6
Hexes          | 1 2 3 |  3.6
Charms         | 1 2 3 |  3.6
Summonings     | 1 2 3 |  3.6
Necromancy     | 1 2 3 |  3.6
Translocations | 1 2 3 |  3.6
Transmutations | 1 2 3 |  3.6
Fire Magic     | 1 2 3 |  3.6
Ice Magic      | 1 2 3 |  3.6
Air Magic      | 1 2 3 |  3.6
Earth Magic    | 1 2 3 |  3.6
Poison Magic   | 1 2 3 |  3.6
Axes           | 5 6 |  6.4
Fighting       | 7 |  7.9
Armour         | 7 |  7.9
Shields        | 7 |  7.9

Action                   |  1- 3 |  4- 6 |  7- 9 || total
-------------------------+-------+-------+-------++-------
Melee: War axe           |    73 |   153 |   271 ||   497
       Bite              |     7 |    20 |    37 ||    64
  Use: Scroll            |     4 |     7 |     2 ||    13
       Potion            |       |     4 |     4 ||     8
  Eat: Chunk             |     1 |     6 |     9 ||    16
       Ration            |       |       |     1 ||     1
Armor: Scale mail        |    14 |       |       ||    14
       Chain mail        |    28 |   108 |    94 ||   230
Dodge: Dodged            |    21 |    93 |    77 ||   191
Block: Kite shield       |    45 |   147 |   145 ||   337
